 Dungeon Crawl Stone Soup version 0.22-a0-458-gb446440 (webtiles) character file.

4 Galder the Magician (level 1, -1/10 HPs)
             Began as a Deep Elf Wizard on June 8, 2018.
             Slain by a jackal (2 damage)
             ... on level 1 of the Dungeon.
             The game lasted 00:02:34 (280 turns).

Galder the Magician (Deep Elf Wizard)                Turns: 280, Time: 00:02:35

Health: -1/10      AC:  2    Str:  4    XL:     1   Next: 50%
Magic:  5/8        EV: 13    Int: 22    God:
Gold:   9          SH:  0    Dex: 13    Spells: 8/9 levels left

rFire    + . .     SeeInvis .   h - +2 spear (freeze)
rCold    x . .     Gourm    .   (no shield)
rNeg     . . .     Faith    .   a - +0 robe
rPois    .         Spirit   .   b - +0 hat
rElec    .         Reflect  .   (no cloak)
rCorr    .         Harm     .   (no gloves)
MR       .....                  (no boots)
Stlth    ++........             (no amulet)
HPRegen  0.03/turn              l - ring of fire
MPRegen  0.11/turn              (no ring)

@: no status effects
A: no striking features
a: no special abilities


You were on level 1 of the Dungeon.
You were not hungry.

You visited 1 branch of the dungeon, and saw 1 of its levels.

You collected 9 gold pieces.

Inventory:

Hand Weapons
 g - a +0 dagger
 h - a +2 spear of freezing (weapon)
Missiles
 i - 5 large rocks
Armour
 a - a +0 robe (worn)
 b - a +0 hat (worn)
Jewellery
 l - a ring of fire (left hand)
Scrolls
 f - a scroll of enchant armour {unknown}
Potions
 c - a potion of flight {unknown}
 e - a potion of heal wounds {unknown}
 j - 2 potions of curing {unknown}
Comestibles
 d - 2 rations
 k - a chunk of flesh


   Skills:
 + Level 2.6 Dodging
 + Level 2.4 Stealth
 + Level 4.6 Spellcasting
 + Level 1.1 Conjurations
   Level 1.1 Summonings
   Level 1.1 Translocations


You had 8 spell levels left.
You knew the following spells:

 Your Spells              Type           Power        Failure   Level  Hunger
a - Magic Dart            Conj           #...         7%          1    None

Your spell library contained the following spells:

 Spells                   Type           Power        Failure   Level  Hunger
 Conjure Flame            Conj/Fire      ##......     26%         3    ##.....
 Slow                     Hex            #.......     16%         2    None
 Mephitic Cloud           Conj/Pois/Air  #.......     26%         3    ##.....
 Blink                    Tloc           N/A          10%         2    None
 Call Imp                 Summ           #.......     10%         2    None


Dungeon Overview and Level Annotations

Branches:
Dungeon (1/15)

Altars:


Message History

* * * LOW HITPOINT WARNING * * *
The jackal bites you.
* * * LOW HITPOINT WARNING * * *
Casting: Magic Dart (safe; 7% risk of failure)
Confirm with . or Enter, or press ? or * to list all spells.
Aiming: Magic Dart (safe; 7% risk of failure)
Press: ? - help, Shift-Dir - straight line, f/p - jackal
Aim: a jackal (heavily wounded)
The magic dart hits the jackal.
The jackal is severely wounded.
The jackal misses you. The jackal closely misses you. The jackal misses you. x2
Casting: Magic Dart (safe; 7% risk of failure)
Confirm with . or Enter, or press ? or * to list all spells.
Aiming: Magic Dart (safe; 7% risk of failure)
Press: ? - help, Shift-Dir - straight line, f/p - jackal
Aim: a jackal (severely wounded)
The magic dart hits the jackal.
The jackal is severely wounded.
The jackal bites you.
You die...

#..#### ....... ##.##
+###### #..#
############.##
#........# #.K###.#
#........# ##hh...#
#........####b##..#
#........##.hh# ..##
#........##.#@##...#
#........##.#......#
#.........#)#..#...#
#.........#.#..# ..#
#...........##.#...#
#####...............#
#.....###.######.......
#.###.....# ...###. #.#
####### #...#


You could see 4 jackals, a bat and a kobold.

Vanquished Creatures
  A giant cockroach (D:1)
  A kobold (D:1)
  A frilled lizard (D:1)
  A rat (D:1)
4 creatures vanquished.

Notes
Turn   | Place    | Note
-------+----------+-------------------------------------------
     0 | D:1      | Galder the Deep Elf Wizard began the quest for the Orb.
     0 | D:1      | Reached XP level 1. HP: 10/10 MP: 7/7
     0 | D:1      | Noticed a naga
     0 | D:1      | Noticed an octopode
     3 | D:1      | Noticed a spriggan
     5 | D:1      | Noticed a draconian
     6 | D:1      | Noticed an ogre
     8 | D:1      | Noticed a minotaur
    12 | D:1      | Noticed a naga
    14 | D:1      | Noticed a formicid
    16 | D:1      | Noticed a human
    17 | D:1      | Noticed a human
    19 | D:1      | Noticed a vine stalker
    21 | D:1      | Noticed a dwarf
    21 | D:1      | Noticed a draconian
    21 | D:1      | Noticed a naga
    23 | D:1      | Noticed a human
    23 | D:1      | Noticed a vampire
   127 | D:1      | Noticed a draconian
   280 | D:1      | Slain by a jackal

Vault maps used:
D:1:      shiori_arrival_whats_in_store_for_you

Action                   || total
-------------------------++-------
Melee: Spear             ||     1
 Cast: Magic Dart        ||    11
Armor: Robe              ||     3
Dodge: Dodged            ||     6

Table legend:
 A = Spawn XP
 B = Non-spawn XP
 C = Spawn XP percentage of total XP
 D = Spawn monster count
 E = Non-spawn monster count
 F = Spawn count percentage of total count
 G = Total turns spent on level
                    A         B        C        D         E        F      G
               +---------+---------+-------+---------+---------+-------+---------
         Total |       0 |       6 |   0.0 |       0 |       4 |   0.0 |   280
               +---------+---------+-------+---------+---------+-------+---------
           D:1 |       0 |       6 |   0.0 |       0 |       4 |   0.0 |   280
               +---------+---------+-------+---------+---------+-------+---------
